 Dungeon Sprint DCSS version 0.27-a0-1046-g98bf31544f (webtiles) character file.

Game seed: 8646036660831508590

1591 mhtbhm the Scorcher (level 8, -1/41 HPs)
             Began as a Deep Elf Fire Elementalist on Apr 19, 2021.
             Was a High Priest of Vehumet.
             Shot with an arrow by a centaur warrior (10 damage)
             ... in the Dungeon (Sprint V: "Ziggurat Sprint").
             The game lasted 00:03:27 (408 turns).

mhtbhm the Scorcher (Deep Elf Fire Elementalist)     Turns: 408, Time: 00:03:28

Health: -1/41      AC:  5    Str:  5    XL:     8   Next: 61%
Magic:  26/26      EV: 15    Int: 35    God:    Vehumet [*****.]
Gold:   0          SH:  0    Dex: 15    Spells: 15/31 levels left

rFire    + . .     SeeInvis .   C - +8 lance "Wyrmbane" {slay drac, rPois rF+ rC+ AC+3}
rCold    + . .     Faith    .   (no shield)
rNeg     . . .     Spirit   .   a - +0 robe
rPois    +         Reflect  .   (no helmet)
rElec    .         Harm     .   (no cloak)
rCorr    .         Rampage  .   (no gloves)
Will     .....     NoTele   +   (no boots)
Stlth    +++.......             (no amulet)
HPRegen  0.13/turn              u - +6 ring of intelligence
MPRegen  0.20/turn              v - +6 ring of intelligence

@: studying Necromancy
A: no striking features
a: Renounce Religion


You were in the Dungeon.
You worshipped Vehumet.
Vehumet was extremely pleased with you.
You visited 1 branch

Inventory:

Hand Weapons
 C - the +8 lance "Wyrmbane" (weapon) {slay drac, rPois rF+ rC+ AC+3}
   (You found it in the Dungeon)

   It affects your AC (+3).
   It protects you from fire.
   It protects you from cold.
   It protects you from poison.
Armour
 a - a +0 robe (worn)
 r - a +2 cloak of poison resistance
Jewellery
 u - a +6 ring of intelligence (left hand)
 v - a +6 ring of intelligence (right hand)
Wands
 y - a wand of mindburst (7)
 z - a wand of iceblast (1)
 A - a wand of acid (6)
Scrolls
 h - 3 scrolls of blinking
 m - 4 scrolls of amnesia
 n - 7 scrolls of fog
 o - a scroll of holy word
 p - 5 scrolls of identify
 q - 2 scrolls of fear
Potions
 b - 2 potions of brilliance
 c - 10 potions of curing
 d - 6 potions of heal wounds
 e - 6 potions of haste
 f - 7 potions of magic
 g - 3 potions of berserk rage
 i - 2 potions of invisibility
 j - 4 potions of resistance
 k - a potion of experience
 l - 5 potions of might
Miscellaneous
 s - a piece from Xom's chessboard (15/15)
 t - a condenser vane (inert)
 B - a lightning rod (4/4)


   Skills:
 + Level 7.5 Dodging
 - Level 6.3 Stealth
 + Level 12.0 Spellcasting
 + Level 5.3 Conjurations
 + Level 16.9 Fire Magic
 + Level 5.1 Evocations


You had 15 spell levels left.
You knew the following spells:

 Your Spells              Type           Power      Damage    Failure   Level
a - Foxfire               Conj/Fire      100%       2x1d9     0%          1
b - Conjure Flame         Conj/Fire      78%        6-21      1%          3
c - Inner Flame           Hex/Fire       69%        N/A       1%          3
d - Sticky Flame          Conj/Fire      78%        2d9       1%          4
e - Fireball              Conj/Fire      39%        3d16      1%          5

Your spell library contained the following spells:

 Spells                   Type           Power      Damage    Failure   Level
 Shock                    Conj/Air       100%       1d9       1%          1


Dungeon Overview and Level Annotations

Branches:
Dungeon (1/1)

Altars:
Ashenzari
Cheibriados
Dithmenos
Elyvilon
Fedhas
Gozag
Hepliaklqana
Kikubaaqudgha
Makhleb
Nemelex Xobeh
Okawaru
Qazlal
Ru
Sif Muna
Trog
Uskayaw
Vehumet
Wu Jian
Xom
Yredelemnul
Zin
The Shining One
Beogh
Jiyva
Lugonu


Message History

The yaktaur captain is engulfed in poison gas.
The yaktaur captain is poisoned.
The cyclops is engulfed in poison gas.
The cyclops is poisoned.
The cyclops is engulfed in poison gas.
The cyclops is poisoned.
The yaktaur is engulfed in poison gas.
The yaktaur is poisoned.
The yaktaur shoots a bolt.
The bolt misses you.
Unknown command.
You feel much better.
The yaktaur captain is engulfed in poison gas.
The yaktaur captain looks even sicker.
The yaktaur captain wields a +0 arbalest.
The yaktaur captain shoots a bolt.
The bolt hits you!!
The yaktaur is engulfed in poison gas.
The yaktaur looks even sicker.
The cyclops is engulfed in poison gas.
The cyclops looks even sicker.
The cyclops is engulfed in poison gas.
The cyclops looks even sicker.
The centaur is engulfed in poison gas.
The centaur looks even sicker.
The centaur warrior shouts!
Unknown command.
You feel much better.
The yaktaur captain looks even sicker.
The yaktaur captain shoots a bolt.
The bolt completely misses you.
The centaur is engulfed in poison gas.
The centaur looks even sicker.
The yaktaur is engulfed in poison gas.
The yaktaur looks even sicker.
The yaktaur shoots a bolt.
The bolt hits you!!
Ouch! That really hurt!
* * * LOW HITPOINT WARNING * * *
Unknown command.
Unknown command.
You feel much better.
The centaur warrior wields a +0 shortbow.
The centaur warrior shoots an arrow.
The arrow barely misses you.
The centaur is engulfed in poison gas.
The centaur looks as sick as possible!
The cyclops is engulfed in poison gas.
The cyclops looks even sicker.
The cyclops throws a large rock.
The large rock closely misses you.
The yaktaur captain is engulfed in poison gas.
The yaktaur captain looks as sick as possible!
The yaktaur captain shoots a bolt.
The bolt hits you!!
* * * LOW HITPOINT WARNING * * *
The cyclops is engulfed in poison gas.
The cyclops looks even sicker.
The yaktaur is engulfed in poison gas.
The yaktaur looks as sick as possible!
The centaur warrior shoots an arrow.
The arrow hits you!
You die...

▓.§§§§§.▓
▓.§§§§§.▓
▓.§cc§..▓
▓.cCcC..▓
▓.......▓
.......
▓.▓...▓.▓
▓...@...▓
▓▓▓▓▓▓▓▓▓


You could see a yaktaur captain (extremely poisoned), a centaur warrior, 2
cyclopes, a yaktaur (extremely poisoned) and a centaur (extremely poisoned).

Vanquished Creatures
  A rust devil (D)
  A guardian mummy (D)
  2 yaks (D)
  A floating eye (D)
  3 black bears (D)
  2 wolves (D)
  A crimson imp (D)
  2 jellies (D)
  An iron imp (D)
  2 iguanas (D)
  An orc wizard (D)
  A white imp (D)
  2 ufetubi (D)
  An orc (D)
  A bat zombie (D)
  A quokka skeleton (D)
  A quokka zombie (D)
24 creatures vanquished.

Vanquished Creatures (others)
  2 foxfires (D)
2 creatures vanquished.

Grand Total: 26 creatures vanquished

Notes
Turn   | Place    | Note
-------+----------+-------------------------------------------
     0 | D        | mhtbhm the Deep Elf Fire Elementalist began the quest for
                  | the Orb.
     0 | D        | Reached XP level 1. HP: 10/10 MP: 6/6
     0 | D        | Found a shimmering blue altar of Sif Muna.
     0 | D        | Found a bloodstained altar of Trog.
     0 | D        | Found a sacrificial altar of Ru.
     0 | D        | Found a stormy altar of Qazlal.
     0 | D        | Found an iron altar of Okawaru.
     1 | D        | Found a sparkling altar of Nemelex Xobeh.
     1 | D        | Found a blossoming altar of Fedhas.
     2 | D        | Found the +6 Majin-Bo {vamp, MP+6 Int+6}
     2 | D        | Found the +9 heavy crossbow "Sniper" {vorpal, Acc+∞ SInv}
     2 | D        | Found the +10 dark maul {vorpal}
     2 | D        | Found the +15 Maxwell's patent armour {-Cast -Tele rElec
                  | Will+ rCorr}
     2 | D        | Found the +18 shield of the Gong {rElec rN+ Will+ EV-5}
     2 | D        | Found the +14 obsidian axe {vorpal, Drain Fly SInv}
     2 | D        | Found the +7 great mace "Firestarter" {inner flame, rF++}
     2 | D        | Found the +6 shillelagh "Devastator" {shatter}
     2 | D        | Found the +11 plutonium sword {Contam Stlth-}
     2 | D        | Found the +8 lance "Wyrmbane" {slay drac, rPois rF+ rC+
                  | AC+3}
     2 | D        | Found the +9 sword of Zonguldrok {reap}
     2 | D        | Found the +13 scythe of Curses {drain, Drain}
     2 | D        | Found the +5 sword of Power {vorpal}
     2 | D        | Found the +7 mace of Variability {chain chaos}
     2 | D        | Found the +7 Singing Sword {vorpal, sonic wave}
     2 | D        | Found the +8 storm bow {elec, penet}
     3 | D        | Found a transporter.
     3 | D        | Found an ancient bone altar of Kikubaaqudgha.
     3 | D        | Found a viscous altar of Jiyva.
     3 | D        | Found a corrupted altar of Lugonu.
     3 | D        | Found a hazy altar of Hepliaklqana.
     3 | D        | Found a burning altar of Makhleb.
     3 | D        | Found an opulent altar of Gozag.
    49 | D        | Became a worshipper of Vehumet
    72 | D        | Entered arena 2.
    72 | D        | Noticed an orc wizard
    72 | D        | Found a transporter.
    73 | D        | Killed an orc wizard
    74 | D        | Reached skill level 5 in Fire Magic
    74 | D        | Reached XP level 2. HP: 15/15 MP: 6/9
   104 | D        | Entered arena 3.
   104 | D        | Noticed a floating eye
   104 | D        | Found a transporter.
   105 | D        | Killed a floating eye
   105 | D        | Reached * piety under Vehumet
   105 | D        | Offered knowledge of Magic Dart by Vehumet.
   106 | D        | Reached skill level 8 in Fire Magic
   106 | D        | Reached XP level 3. HP: 19/19 MP: 9/12
   106 | D        | Reached XP level 4. HP: 24/24 MP: 10/14
   107 | D        | Reached skill level 5 in Stealth
   107 | D        | Reached skill level 1 in Evocations
   107 | D        | Reached XP level 5. HP: 28/28 MP: 11/16
   108 | D        | Reached skill level 5 in Dodging
   108 | D        | Reached skill level 9 in Fire Magic
   119 | D        | Learned a level 3 spell: Conjure Flame
   123 | D        | Learned a level 3 spell: Inner Flame
   128 | D        | Learned a level 4 spell: Sticky Flame
   134 | D        | Learned a level 5 spell: Fireball
   136 | D        | Entered arena 4.
   136 | D        | Noticed a guardian mummy
   136 | D        | Found a transporter.
   137 | D        | Reached ** piety under Vehumet
   141 | D        | Killed a guardian mummy
   142 | D        | Reached skill level 11 in Fire Magic
   142 | D        | Reached XP level 6. HP: 32/32 MP: 12/20
   188 | D        | Entered arena 5.
   188 | D        | Found a transporter.
   189 | D        | Reached *** piety under Vehumet
   190 | D        | Reached skill level 12 in Fire Magic
   191 | D        | Reached skill level 10 in Spellcasting
   191 | D        | Reached skill level 14 in Fire Magic
   191 | D        | Reached XP level 7. HP: 36/36 MP: 14/23
   241 | D        | Entered arena 6.
   241 | D        | Noticed a yak
   241 | D        | Noticed a yak
   241 | D        | Found a transporter.
   242 | D        | Reached **** piety under Vehumet
   243 | D        | Killed a yak
   244 | D        | Reached skill level 15 in Fire Magic
   244 | D        | Reached XP level 8. HP: 41/41 MP: 16/25
   245 | D        | Reached skill level 16 in Fire Magic
   255 | D        | Got the ring "Yxabenum" {rPois Str+6 Int+4}
   312 | D        | Entered arena 7.
   312 | D        | Noticed a rust devil
   313 | D        | Offered knowledge of Shock by Vehumet.
   313 | D        | Reached ***** piety under Vehumet
   323 | D        | Found a transporter.
   327 | D        | Killed a rust devil
   328 | D        | Reached skill level 5 in Conjurations
   328 | D        | Reached skill level 5 in Evocations
   404 | D        | Entered arena 8.
   404 | D        | Noticed a cyclops
   404 | D        | Noticed a centaur warrior
   404 | D        | Noticed a yaktaur
   404 | D        | Noticed a cyclops
   404 | D        | Noticed a yaktaur captain
   408 | D        | Shot with an arrow by a centaur warrior

Illustrated notes

Levels and vault maps discovered:
D:        sprint_v [room_start, room_1, room_2, room_3, room_4, room_5, room_6,
          room_7, room_8, room_9, room_10, room_11, room_12, room_13, room_14,
          room_15, room_16, room_17, room_18, room_19, room_20, room_21,
          room_22, room_23, room_24, room_25, room_26, room_27]

Skill      XL: |  1  2  3  4  5  6  7  8 |
---------------+-------------------------+-----
Dodging        | 3 4 5 6 7 |  7.5
Stealth        | 3 4 5 6 |  6.3
Spellcasting   | 4 6 9 10 11 12 | 12.0
Fire Magic     | 5 8 11 14 15 16 | 16.9
Conjurations   | 2 3 4 5 |  5.3
Evocations     | 1 2 3 4 5 |  5.1

Action                   |  1- 3 |  4- 6 |  7- 9 || total
-------------------------+-------+-------+-------++-------
 Cast: Foxfire           |     1 |       |       ||     1
       Fireball          |       |     4 |     5 ||     9
Evoke: Wand              |     2 |       |     5 ||     7
       Lightning rod     |       |     5 |     1 ||     6
       Piece from Xom's  |       |       |     3 ||     3
       Condenser vane    |       |       |     2 ||     2
  Use: Potion            |       |       |     4 ||     4
       Scroll            |       |       |     1 ||     1
Dodge: Dodged            |       |       |     6 ||     6

Table legend: (Time is in decaauts)
 A = Elapsed time spent in this place.
 B = Non-inter-level travel time spent in this place.
 C = Inter-level travel time spent in this place.
 D = Time resting spent in this place.
 E = Time spent auto-exploring this place.
 F = Levels seen in this place.
 G = Mean time per level.
                   A        B        C        D        E       F      G
               +--------+--------+--------+--------+--------+-----+--------+
         Total |    406 |    406 |      0 |    214 |      0 |   1 |  406.0 |
       Dungeon |    406 |    406 |      0 |    214 |      0 |   1 |  406.0 |
               +--------+--------+--------+--------+--------+-----+--------+

Top non-repeatable levels by time:
       D: 406 daAuts
